 Dungeon Crawl Stone Soup version 0.27.1 (webtiles) character file.

Game seed: 6933256683453774883

133 Destapler the Magician (level 4, -1/32 HPs)
             Began as a Demonspawn Hedge Wizard on Aug 27, 2021.
             Succumbed to an adder's poison
             ... on level 3 of the Dungeon.
             The game lasted 00:13:26 (2555 turns).

Destapler the Magician (Demonspawn Hedge Wizard)    Turns: 2555, Time: 00:13:26

Health: -1/32      AC:  4    Str: 10    XL:     4   Next: 94%
Magic:  4/9        EV: 12    Int: 17    God:
Gold:   57         SH:  0    Dex: 12    Spells: 6/10 levels left

rFire    + . .     SeeInvis .   a - +2 dagger (speed)
rCold    . . .     Faith    .   (no shield)
rNeg     . . .     Spirit   .   b - +0 robe
rPois    .         Reflect  .   c - +1 hat
rElec    .         Harm     .   (no cloak)
rCorr    .         Rampage  .   (no gloves)
Will     .....                  j - +0 pair of boots
Stlth    +.........             (no amulet)
HPRegen  0.10/turn              d - ring of protection from fire
MPRegen  0.22/turn              h - ring of wizardry

@: mighty, lethally poisoned (-1 -> -8), very slow
A: magic regeneration
a: no special abilities


You were on level 3 of the Dungeon.
You visited 1 branch of the dungeon, and saw 3 of its levels.

You collected 95 gold pieces.
You spent 38 gold pieces at shops.

Inventory:

Hand Weapons
 a - a +2 dagger of speed (weapon)
Armour
 b - a +0 robe (worn)
 c - a +1 hat (worn)
 j - a +0 pair of boots (worn)
 k - a +0 buckler
Jewellery
 d - a ring of protection from fire (left hand)
 h - a ring of wizardry (right hand)
Scrolls
 f - a scroll of vulnerability
 i - a scroll of noise {unknown}
Potions
 g - a potion of might
 m - a potion of brilliance {unknown}


   Skills:
 + Level 1.5 Fighting
 + Level 1.2 Short Blades
 - Level 1.9 Dodging
 - Level 2.0 Stealth
 * Level 0.6 Shields
 + Level 3.5 Spellcasting
 - Level 1.2 Conjurations
 - Level 1.1 Summonings
 + Level 1.7 Necromancy
 + Level 1.9 Translocations


You had 6 spell levels left.
You knew the following spells:

 Your Spells              Type           Power      Damage    Failure   Level
a - Magic Dart            Conj           28%        1d4       4%          1
b - Vampiric Draining     Necr           4%         2d6       10%         3

Your spell library contained the following spells:

 Spells                   Type           Power      Damage    Failure   Level
 Animate Skeleton         Necr           16%        N/A       3%          1
 Pain                     Necr           32%        1d5       3%          1
 Blink                    Tloc           N/A        N/A       4%          2
 Call Imp                 Summ           7%         N/A       6%          2
 Slow                     Hex            3%         N/A       11%         2
 Conjure Flame            Conj/Fire      5%         6-21      16%         3
 Mephitic Cloud           Conj/Pois/Air  4%         N/A       16%         3
 Ignite Poison            Fire/Tmut/Pois 3%         N/A       21%         3
 Sticky Flame             Conj/Fire      5%         2d3       43%         4


Dungeon Overview and Level Annotations

Branches:
Dungeon (3/15)

Altars:

Shops:
D:3 [?[=


Innate Abilities, Weirdness & Mutations

You regenerate magic rapidly.


Message History

You feel sick. The river rat misses you. The adder bites you.
* * * LOW HITPOINT WARNING * * *
You are lethally poisoned!
The adder poisons you!
You feel better. The adder bites you but does no damage.
The river rat bites you.
* * * LOW HITPOINT WARNING * * *
You closely miss the river rat.
The river rat is moderately wounded.
The adder bites you.
* * * LOW HITPOINT WARNING * * *
The river rat barely misses you.
Your unstable footing causes you to fumble your attack.
The adder bites you.
* * * LOW HITPOINT WARNING * * *
You closely miss the river rat.
The river rat is moderately wounded.
The river rat bites you but does no damage.
The adder bites you but does no damage.
Your unstable footing causes you to fumble your attack.
You puncture the river rat!
You kill the river rat!
The adder misses you. The rat barely misses you.
The adder bites you but does no damage. The rat closely misses you.
The adder barely misses you.
You see here a river rat corpse.
You hit the rat.
The rat is heavily wounded.
The rat bites you but does no damage.
You hit the rat.
You kill the rat!
The adder bites you but does no damage.
A river rat and a worm come into view.
The adder barely misses you. The adder closely misses you. The adder bites you.
* * * LOW HITPOINT WARNING * * *
You are lethally poisoned!
The adder poisons you!
Your unstable footing causes you to fumble your attack.
You die...

#######.##.####,###....##
********#######.#..(...,#∩'......
,,,,,,,,...............,#.#....##
****###########.#######,#.#<..<..
,,,,............# *,#.#..#.#.
*****#####..##### *,#.#......
#...#####******#.#......
#...#†S≈#≈≈≈≈≈≈#.#####..
#..†#†#@#≈*****#.#......
#..†#w#r#≈*≈≈≈≈#.#.##..#
#.≈≈≈≈#w≈≈≈≈**∩#........
#..≈#≈#≈##*****#.####.#.
#..≈≈≈#≈≈≈≈≈≈≈≈#......#.
*********#...#≈###****≈*#.######.
,,,,,,,,....≈≈≈#≈≈≈≈≈≈≈*########.
*******##....≈≈#********#........
#....### #########


You could see a worm (asleep), an adder and a river rat.

Vanquished Creatures
  7 adders
  2 river rats (D:3)
  An orc (D:3)
  3 bats
  5 endoplasms
  2 giant cockroaches (D:1)
  5 goblins
  4 hobgoblins
  A quokka (D:3)
  6 ball pythons (D:1)
  3 frilled lizards
  6 kobolds
  7 rats
52 creatures vanquished.

Notes
Turn   | Place    | Note
-------+----------+-------------------------------------------
     0 | D:1      | Destapler the Demonspawn Hedge Wizard began the quest for
                  | the Orb.
     0 | D:1      | Reached XP level 1. HP: 13/13 MP: 4/4
    48 | D:1      | Reached skill level 1 in Translocations
   158 | D:1      | Gained mutation: You regenerate magic rapidly. [demonic
                  | ancestry]
   158 | D:1      | Reached XP level 2. HP: 19/19 MP: 4/6
  1055 | D:2      | Reached XP level 3. HP: 25/25 MP: 4/7
  1059 | D:2      | Learned a level 3 spell: Vampiric Draining
  1426 | D:2      | Reached skill level 1 in Necromancy
  1713 | D:2      | Found a faded altar of an unknown god.
  1860 | D:2      | Reached skill level 1 in Fighting
  2083 | D:3      | Reached skill level 1 in Short Blades
  2083 | D:3      | Reached XP level 4. HP: 30/32 MP: 5/9
  2127 | D:3      | Found Ybiytz's Antique Armour Emporium.
  2216 | D:3      | Found Yxko Jiss's Jewellery Boutique.
  2381 | D:3      | Found Toaden's Magic Scroll Boutique.
  2389 | D:3      | Found Gann's Armour Shop.
  2436 | D:3      | Bought a scroll of magic mapping for 38 gold pieces
  2554 | D:3      | HP: 1/32 [adder (2)]
  2555 | D:3      | Succumbed to an adder's poison

Illustrated notes

Levels and vault maps discovered:
D:1:      wander_arrival_peaceful_grave, layout_loops_ring, st_stairs_10,
          chequers_serial_rivers_micro_b, minmay_pentomino_o4
D:2:      layout_basic, ebering_ecumenical_altar_webs
D:3:      layout_basic, lightli_sewer_entry_pipes, serial_shops, shop, shop,
          shop, nicolae_shop_competitors_out_of_business, minivault_5

Skill      XL: |  1  2  3 |
---------------+----------+-----
Translocations | 1 |  1.9
Stealth        | 2 |  2.0
Necromancy     | 1 |  1.7
Fighting       | 1 |  1.5
Short Blades   | 1 |  1.2
Dodging        | |  1.9
Shields        | |  0.6
Spellcasting   | |  3.5
Conjurations   | |  1.2
Summonings     | |  1.1

Action                   |  1- 3 |  4- 6 || total
-------------------------+-------+-------++-------
Melee: Dagger            |    61 |    48 ||   109
 Cast: Magic Dart        |    64 |    25 ||    89
       Vampiric Draining |     1 |     2 ||     3
  Use: Scroll            |     4 |     1 ||     5
       Potion            |       |     4 ||     4
 Stab: Sleeping          |     5 |     1 ||     6
Armor: Robe              |    11 |    21 ||    32
Dodge: Dodged            |    36 |    50 ||    86
